 Dungeon Crawl Stone Soup version 0.21-a0-513-gdcb3f5e (webtiles) character file.

76 Gerstahl the Slasher (level 4, 0/42 HPs)
             Began as a Naga Gladiator on Dec 1, 2017.
             Killed from afar by Natasha (6 damage)
             ... with a magic dart
             ... on level 3 of the Dungeon.
             The game lasted 00:04:35 (1739 turns).

Gerstahl the Slasher (Naga Gladiator)               Turns: 1739, Time: 00:04:36

Health: 0/42       AC:  4    Str: 16    XL:     4   Next: 32%
Magic:  4/4        EV:  9    Int:  8    God:
Gold:   90         SH:  0    Dex: 14    Spells: 3/3 levels left

rFire    . . .     SeeInvis +   a - +0 long sword
rCold    . . .     Gourm    .   (no shield)
rNeg     . . .     Faith    .   b - +0 leather armour
rPois    +         Spirit   .   c - +0 helmet
rElec    .         Reflect  .   (no cloak)
rCorr    .         Harm     .   j - +0 pair of gloves
MR       .....                  (no barding)
Stlth    +.........             (no amulet)
HPRegen  0.14/turn              (no ring)
MPRegen  0.09/turn              (no ring)

@: slowed, heavily drained, very slow
A: large, see invisible, deformed body, poison resistance, slowness 2, slow
metabolism 1, spit poison 1, AC +1
a: Spit Poison


You were on level 3 of the Dungeon.
You were not hungry.

You visited 1 branch of the dungeon, and saw 3 of its levels.

You collected 90 gold pieces.

Inventory:

Hand Weapons
 a - a +0 long sword (weapon)
Missiles
 d - 2 throwing nets (quivered)
Armour
 b - a +0 leather armour (worn)
 c - a +0 helmet (worn)
 h - a +0 buckler
 j - a +0 pair of gloves (worn)
Jewellery
 o - an uncursed amulet of harm
Wands
 k - a wand of acid (7)
 q - a wand of random effects (39)
Scrolls
 i - a scroll of teleportation {unknown}
 n - a scroll of identify {unknown}
 r - a scroll of immolation {unknown}
Potions
 e - 2 potions of heal wounds {unknown}
 g - a potion of flight {unknown}
 l - a potion of might {unknown}
 m - a potion of curing {unknown}
Comestibles
 f - 2 bread rations


   Skills:
 + Level 3.2(1.8) Fighting
 + Level 3.9(2.5) Long Blades
 - Level 1.7(0.4) Throwing
 - Level 2.4(1.0) Dodging
 + Level 1.0(0.0) Shields


You had 3 spell levels left.
You didn't know any spells.

Dungeon Overview and Level Annotations

Branches:
Dungeon (3/15)

Altars:
Kikubaaqudgha
Zin

Annotations:
D:3 Natasha


Innate Abilities, Weirdness & Mutations

You cannot wear boots.
Your serpentine skin is tough. (AC +1)
You have supernaturally acute eyesight. (SInv)
Armour fits poorly on your strangely shaped body.
Your system is resistant to poisons. (rPois)
You cover ground very slowly.
You have a slow metabolism.
You can spit poison.


Message History

Natasha stares at you and mumbles some strange words.
You feel yourself slow down.
You completely miss Natasha.
Natasha is almost dead.
Natasha claws you. x2
You are too injured to fight recklessly!
You are too injured to fight recklessly!
You are too injured to fight recklessly!
You are too injured to fight recklessly!
You miss Natasha.
Natasha is almost dead.
Natasha stares at you and mumbles some strange words.
The magic dart hits you! Natasha claws you!
* * * LOW HITPOINT WARNING * * *
You hit Natasha.
Natasha is almost dead.
You have got your breath back.
Natasha casts a spell at you. The magic dart hits you!
You die...

..... ... ## ... .
... ... .##+#.. #'#
#....# ###.#
#....##....... #..h#
#....##.......
#..@###....##.......
#...'.'....''.......
#...###....##.......
##### #...)##.......
#....##.......
#....##(......
###'##......<#
#######.##+#######
.......(......# #


You could see Natasha.

Vanquished Creatures
  2 adders
  An ooze (D:3)
  A worm (D:2)
  4 dart slugs
  A leopard gecko (D:1)
  A ball python (D:2)
  5 bats
  2 giant cockroaches
  4 goblins
  6 hobgoblins (D:1)
  2 jackals (D:1)
  A quokka (D:3)
  7 kobolds
  A rat (D:2)
38 creatures vanquished.

Notes
Turn   | Place    | Note
-------+----------+-------------------------------------------
     0 | D:1      | Gerstahl the Naga Gladiator began the quest for the Orb.
     0 | D:1      | Reached XP level 1. HP: 19/19 MP: 1/1
   174 | D:1      | Reached XP level 2. HP: 20/27 MP: 2/2
   742 | D:1      | Reached XP level 3. HP: 29/33 MP: 3/3
  1047 | D:2      | Found an ancient bone altar of Kikubaaqudgha.
  1103 | D:2      | Found a glowing silver altar of Zin.
  1467 | D:2      | Reached XP level 4. HP: 38/42 MP: 4/4
  1686 | D:3      | Reached skill level 1 in Shields
  1732 | D:3      | Noticed Natasha
  1739 | D:3      | Killed from afar by Natasha

Vault maps used:
D:1:      dpeg_arrival_arbitrary_c
D:2:      nicolae_overflow_crystal_walls, overflow_temple_1_default,
          serial_curves, eino_curves_02, eino_curves_03
D:3:      minmay_wonky_spiral, chequers_ecumenical_altar_simple_redux,
          minivault_4, uniq_robin, uniq_natasha

Skill      XL: |  1  2  3  4 |
---------------+-------------+-----
Fighting       | 3 |  3.2
Shields        | 1 |  1.0
Long Blades    | |  3.9
Throwing       | |  1.7
Dodging        | |  2.4

Action                   |  1- 3 |  4- 6 || total
-------------------------+-------+-------++-------
Melee: Long sword        |   109 |    15 ||   124
Throw: Throwing net      |     1 |       ||     1
 Abil: Spit Poison       |     6 |     1 ||     7
 Stab: Held in net/web   |     1 |       ||     1
  Eat: Chunk             |     1 |       ||     1
       Royal jelly       |       |     1 ||     1
Armor: Leather armour    |    48 |     3 ||    51
Dodge: Dodged            |    73 |     7 ||    80
       Rpst.: Long sword |    22 |     1 ||    23

Table legend:
 A = Spawn XP
 B = Non-spawn XP
 C = Spawn XP percentage of total XP
 D = Spawn monster count
 E = Non-spawn monster count
 F = Spawn count percentage of total count
 G = Total turns spent on level
                    A         B        C        D         E        F      G
               +---------+---------+-------+---------+---------+-------+---------
         Total |       0 |     109 |   0.0 |       0 |      38 |   0.0 |  1739
               +---------+---------+-------+---------+---------+-------+---------
           D:1 |       0 |      45 |   0.0 |       0 |      21 |   0.0 |  1004
           D:2 |       0 |      41 |   0.0 |       0 |      13 |   0.0 |   657
           D:3 |       0 |      23 |   0.0 |       0 |       4 |   0.0 |    78
               +---------+---------+-------+---------+---------+-------+---------
